 Dungeon Crawl Stone Soup version 0.28.0-43-g3370ac3207 (webtiles) character file.

Game seed: 4804063779684108524

56 Arcadio the Caller (level 3, 0/19 HPs)
             Began as a Tengu Summoner on Mar 10, 2022.
             Slain by a gnoll
             ... wielding a +0 flail
              (7 damage)
             ... on level 2 of the Dungeon.
             The game lasted 00:06:33 (1493 turns).

Arcadio the Caller (Tengu Summoner)                 Turns: 1493, Time: 00:06:34

Health: 0/19       AC:  2    Str:  8    XL:     3   Next: 97%
Magic:  6/8        EV: 13    Int: 17    God:
Gold:   29         SH:  0    Dex: 14    Spells: 4/7 levels left

rFire   . . .      SeeInvis .   i - +0 hand axe
rCold   . . .      Faith    .   (no shield)
rNeg    . . .      Spirit   .   a - +0 robe
rPois   .          Reflect  .   (helmet restricted)
rElec   .          Harm     .   (no cloak)
rCorr   .          Rampage  .   (no gloves)
Will    .....                   (boots unavailable)
Stlth   ++........              (no amulet)
HPRegen 0.06/turn               (no ring)
MPRegen 0.11/turn               (no ring)

@: no status effects
A: beak, talons 3
a: no special abilities


You were on level 2 of the Dungeon.
You visited 1 branch of the dungeon, and saw 2 of its levels.

You collected 29 gold pieces.

Inventory:

Hand Weapons
 i - a +0 hand axe (weapon)
 j - a +0 dagger of speed
Armour
 a - a +0 robe (worn)
 d - a +0 leather armour
Magical Staves
 e - a staff of death
Scrolls
 b - 3 scrolls of blinking
 c - a scroll of immolation {unknown}
 f - a scroll of magic mapping {unknown}
 g - 4 scrolls of identify
 h - a scroll of teleportation {unknown}


   Skills:
 + Level 3.1 Dodging
 - Level 2.0 Stealth
 + Level 2.7 Spellcasting
 + Level 5.4 Summonings


You had 4 spell levels left.
You knew the following spells:

 Your Spells              Type           Power      Damage    Failure   Level
a - Summon Small Mammal   Summ           80%        N/A       1%          1
b - Call Imp              Summ           20%        N/A       3%          2

Your spell library contained the following spells:

 Spells                   Type           Power      Damage    Failure   Level
 Call Canine Familiar     Summ           20%        N/A       6%          3
 Summon Guardian Golem    Hex/Summ       11%        N/A       19%         3
 Summon Lightning Spire   Summ/Air       11%        N/A       52%         4


Dungeon Overview and Level Annotations

Branches:
Dungeon (2/15)

Altars:

Shops:
D:2 =


Innate Abilities, Weirdness & Mutations

You have a beak for a mouth.
You have claws for feet.


Message History

You hit the gnoll.
The gnoll is almost dead.
The gnoll barely misses you.
The gnoll hits you from afar with a +0 halberd!
Ouch! That really hurt!
* * * LOW HITPOINT WARNING * * *
The gnoll closely misses you.
Casting: Call Imp (safe; 3% risk of failure)
Confirm with . or Enter, or press ? or * to list all spells.
A beastly little devil appears in a puff of frigid air.
Your white imp gestures at the gnoll.
The puff of frost hits the gnoll.
Your white imp hits the gnoll.
Your white imp freezes the gnoll.
The gnoll closely misses your white imp.
Your white imp hits the gnoll but does no damage.
The gnoll hits your white imp with a +0 halberd!
Your white imp barely misses the gnoll.
You hit the gnoll.
You kill the gnoll!
The gnoll closely misses your white imp.
Your white imp hits the gnoll.
Your white imp freezes the gnoll.
The gnoll dies!
Your Dodging skill increases to level 3!
You start resting.
Your white imp disappears in a puff of smoke!
Magic restored.
You start resting.
A gnoll is nearby!
A gnoll is nearby!
Things that are here:
a +0 flail; a gnoll corpse
Casting: Call Imp (safe; 3% risk of failure)
Confirm with . or Enter, or press ? or * to list all spells.
A beastly little devil appears in a puff of flame.
Things that are here:
a +0 flail; a gnoll corpse You hit the gnoll but do no damage.
You claw the gnoll.
The gnoll is moderately wounded.
Your crimson imp hits the gnoll.
The gnoll hits you with a +0 flail!
You die...

##### ##...## #########.....##
######.....##.......#
#...)..#...@g)......#
#.######...##5......# ######.##
#######.....## #.......###
##...## #.#####...########
##.#### #.#
#.#........####....# #.#
#.#......>.........#
#.#####>#.........#####..#.....
#.#...#.#............#)....g...


You could see a gnoll (ally target) and a friendly crimson imp (summoned).

Vanquished Creatures
  A gnoll (D:2)
  An endoplasm (D:2)
  6 goblins
  2 quokkas (D:1)
  2 bats (D:1)
  2 frilled lizards (D:1)
14 creatures vanquished.

Vanquished Creatures (collateral kills)
  A gnoll (D:2)
  An adder (D:2)
  A dart slug (D:2)
  An endoplasm (D:1)
  A goblin (D:1)
  2 hobgoblins
  A quokka (D:1)
  2 kobolds
  A spectral goblin (D:1)
11 creatures vanquished.

Grand Total: 25 creatures vanquished

Notes
Turn   | Place    | Note
-------+----------+-------------------------------------------
     0 | D:1      | Arcadio the Tengu Summoner began the quest for the Orb.
     0 | D:1      | Reached XP level 1. HP: 10/10 MP: 4/4
   117 | D:1      | Found a faded altar of an unknown god.
   407 | D:1      | Reached skill level 5 in Summonings
   409 | D:1      | Reached XP level 2. HP: 14/15 MP: 4/6
   679 | D:1      | Learned a level 2 spell: Call Imp
  1152 | D:2      | Found Bukeqa Xahau's Jewellery Emporium.
  1157 | D:2      | Reached XP level 3. HP: 19/19 MP: 4/7
  1493 | D:2      | Slain by a gnoll

Illustrated notes

Levels and vault maps discovered:
D:1:      minmay_arrival_semitransparent, layout_basic,
          dreamdust_ecumenical_altar_drowned_temple, bh_walls_and_bars
D:2:      layout_loops_cross, serial_shops, nicolae_shop_waterfront,
          uniq_crazy_yiuf_cottage

Skill      XL: |  1  2  3 |
---------------+----------+-----
Summonings     | 5 |  5.4
Dodging        | 3 |  3.1
Stealth        | |  2.0
Spellcasting   | |  2.7

Action                   || total
-------------------------++-------
Melee: Staff             ||    15
       Kick              ||     9
       Unarmed           ||     2
       Peck              ||     6
       Hand axe          ||    28
       Punch             ||     1
 Cast: Summon Small Mamm ||    11
       Call Imp          ||    11
  Use: Scroll            ||     2
Armor: Robe              ||     6
Dodge: Dodged            ||    32
